 Dungeon Sprint DCSS version 0.19.0-18-g426998a (webtiles) character file.

2766 equalderp2856 the Ripper (level 9, -3/43 HPs)
             Began as a Felid Fighter on Nov 11, 2016.
             Slain by a deep troll (18 damage)
             ... in the Dungeon (Sprint IX: "|||||||||||||||||||||||||||||").
             The game lasted 00:04:42 (999 turns).

equalderp2856 the Ripper (Felid Fighter)             Turns: 999, Time: 00:04:44

Health: -3/43      AC:  2    Str: 14    XL:     9   Next: 42%
Magic:  9/11       EV: 32    Int:  9    God:
Gold:   10         SH:  0    Dex: 20    Spells: 0 memorised, 8 levels left
                                        Lives:  0   Deaths: 2

rFire  . . .     SeeInvis +       - Unarmed
rCold  . . .     Gourm    .     (armour unavailable)
rNeg   . . .     Faith    .     (shield unavailable)
rPois  .         Spirit   .     (helmet unavailable)
rElec  .         Reflect  .     (cloak unavailable)
rCorr  .         Harm     .     (gloves unavailable)
MR     +....     NoTele   +     (boots unavailable)
Stlth  ++++++....               (no amulet)
                                n - +2 ring of evasion
                                m - +3 ring of dexterity

@: quick
A: no armour, no weapons or thrown items, stealth, claws 1, fangs 3, see
invisible, carnivore 3, speed 1, shaggy fur 2, slow metabolism 1, sharp paws
a: no special abilities


You were in the Dungeon.
You were not hungry.

You visited 1 branch You collected 10 gold pieces.

Inventory:

Jewellery
 m - a +3 ring of dexterity (left paw)
 n - a +2 ring of evasion (right paw)
Wands
 l - a wand of lightning (2/15)
Scrolls
 h - 2 scrolls of blinking
 j - 3 scrolls of remove curse
 k - 2 scrolls of amnesia
 o - a scroll of magic mapping
Potions
 a - a potion of might
 c - a potion of invisibility
 d - a potion of heal wounds
 e - a potion of haste
 f - 4 potions of magic
 g - a potion of berserk rage
 i - 4 potions of curing
Comestibles
 b - 12 meat rations


   Skills:
 + Level 7.6 Fighting
 + Level 13.0 Dodging
 + Level 12.2 Stealth
 + Level 17.0 Unarmed Combat
 + Level 2.6 Evocations


You had 8 spell levels left.
You didn't know any spells.

Dungeon Overview and Level Annotations

Branches:
Dungeon (1/1)

Altars:
Cheibriados
Dithmenos
Elyvilon
Fedhas
Gozag
Hepliaklqana
Kikubaaqudgha
Makhleb
Nemelex Xobeh
Okawaru
Qazlal
Ru
Sif Muna
Trog
Uskayaw
Vehumet
Xom
Yredelemnul
Zin
The Shining One
Beogh
Jiyva
Lugonu

Shops:
D %?


Innate Abilities, Weirdness & Mutations

You cannot wear armour.
You are incapable of wielding weapons or throwing items.
Your paws allow you to move quietly. (Stealth)
You have sharp claws.
You have razor-sharp teeth.
You have supernaturally acute eyesight. (SInv)
You are carnivorous and can eat meat at any time.
You cover ground quickly.
You are covered in thick fur. (AC +2)
You have a slow metabolism.
Your sharp claws are effective at attacking unaware monsters.


Message History

You scratch the deep troll.
The deep troll is moderately wounded.
The deep troll completely misses you. The deep troll claws you.
The deep troll closely misses you.
The ogre mage casts a spell.
The ogre mage seems to speed up.
You barely miss the deep troll. You claw the deep troll!
The deep troll is moderately wounded.
The deep troll barely misses you. The deep troll completely misses you.
The deep troll misses you.
You completely miss the deep troll.
The deep troll is moderately wounded.
The ogre mage gestures wildly while chanting.
You scratch the deep troll.
You bite the deep troll, but do no damage.
The deep troll is moderately wounded.
The deep troll bites you!!
Ouch! That really hurt!
The deep troll misses you. The deep troll claws you!!
You die...

▓S▓ ▓.▓
▓∩▓ ▓S▓
▓.▓ ▓$▓
▓l▓ ▓'▓
▓T▓ ▓t▓
▓.▓ ▓O▓
▓D▓ ▓[▓
▓T▓ ▓†▓
▓÷▓ ▓C▓
▓%▓ ▓.▓
▓T▓ ▓.▓
▓.▓ ▓@▓
▓[▓ ▓.▓
▓'▓ ▓[▓
▓'▓ ▓.▓
▓[▓ ▓†▓
▓.▓.▓[▓
▓)▓
▓.▓.▓.▓
▓†▓
▓.▓.▓.▓
▓N▓
▓.▓.▓'▓
▓Z▓
▓.▓.▓.▓
▓.▓ ▓
▓.▓.▓.▓
▓+▓


You could see an iron troll, a hill giant, an ogre mage, a deep troll and a
troll.

Vanquished Creatures
  2 ogre magi (D)
  A hill giant (D)
  5 polar bears (D)
  A hippogriff (D)
  A hungry ghost (D)
  An ice beast (D)
  3 black bears (D)
  A crocodile (D)
  A killer bee (D)
  A worker ant (D)
  An adder (D)
  A shadow imp (D)
  An ooze (D)
  An adder zombie (D)
  2 dart slugs (D)
  2 orcs (D)
  A goblin (D)
  A quokka (D)
  A bat (D)
  A frilled lizard (D)
  A jackal zombie (D)
  A leopard gecko skeleton (D)
  A rat (D)
32 creatures vanquished.

Notes
Turn   | Place    | Note
-------+----------+-------------------------------------------
     0 | D        | equalderp2856 the Felid Fighter began the quest for the Orb.
     0 | D        | Reached XP level 1. HP: 10/10 MP: 2/2
    16 | D        | Reached skill level 5 in Unarmed Combat
    16 | D        | Reached XP level 2. HP: 11/14 MP: 3/3
    29 | D        | Reached skill level 5 in Dodging
    29 | D        | Reached skill level 1 in Stealth
    29 | D        | Reached skill level 6 in Unarmed Combat
    29 | D        | Reached XP level 3. HP: 10/18 MP: 4/4
    66 | D        | Found a roughly hewn altar of Beogh.
    66 | D        | Found a snail-covered altar of Cheibriados.
    66 | D        | Found a shadowy altar of Dithmenos.
    66 | D        | Found a white marble altar of Elyvilon.
    66 | D        | Found a blossoming altar of Fedhas.
    66 | D        | Found an opulent altar of Gozag.
    67 | D        | Found a hazy altar of Hepliaklqana.
    68 | D        | Found a viscous altar of Jiyva.
    69 | D        | Found an ancient bone altar of Kikubaaqudgha.
    70 | D        | Found a corrupted altar of Lugonu.
    71 | D        | Found a burning altar of Makhleb.
    72 | D        | Found a sparkling altar of Nemelex Xobeh.
    73 | D        | Found an iron altar of Okawaru.
    74 | D        | Found a stormy altar of Qazlal.
    75 | D        | Found a sacrificial altar of Ru.
    76 | D        | Found a deep blue altar of Sif Muna.
    77 | D        | Found a bloodstained altar of Trog.
    78 | D        | Found a hide-covered altar of Uskayaw.
    79 | D        | Found a radiant altar of Vehumet.
    80 | D        | Found a shimmering altar of Xom.
    81 | D        | Found a basalt altar of Yredelemnul.
    82 | D        | Found a glowing silver altar of Zin.
    83 | D        | Found a glowing golden altar of the Shining One.
   112 | D        | Noticed a hungry ghost
   112 | D        | Noticed an ice beast
   186 | D        | Killed a hungry ghost
   186 | D        | Reached skill level 5 in Fighting
   186 | D        | Reached skill level 9 in Unarmed Combat
   186 | D        | Reached XP level 4. HP: 17/23 MP: 5/5
   186 | D        | Reached XP level 5. HP: 19/26 MP: 6/6
   245 | D        | Killed an ice beast
   245 | D        | Reached skill level 10 in Unarmed Combat
   245 | D        | Gained mutation: You are covered in thick fur. (AC +2) [Felid growth]
   245 | D        | Reached XP level 6. HP: 18/31 MP: 7/7
   376 | D        | Noticed a salamander
   378 | D        | Reached skill level 11 in Unarmed Combat
   386 | D        | Slain by a salamander (shapeshifter)
   387 | D        | Reached XP level 5. HP: -5/27 MP: 6/6
   403 | D        | Noticed a polar bear
   403 | D        | Noticed a black bear
   404 | D        | Noticed a polar bear
   405 | D        | Noticed a black bear
   406 | D        | Noticed a black bear
   407 | D        | Noticed a polar bear
   411 | D        | Noticed a polar bear
   412 | D        | Killed a polar bear
   412 | D        | Reached skill level 12 in Unarmed Combat
   412 | D        | Reached XP level 6. HP: 31/31 MP: 7/7
   413 | D        | Noticed a polar bear
   419 | D        | Killed a polar bear
   419 | D        | Reached skill level 13 in Unarmed Combat
   419 | D        | Reached XP level 7. HP: 19/35 MP: 8/8
   433 | D        | Killed a polar bear
   433 | D        | Reached skill level 10 in Dodging
   433 | D        | Reached skill level 14 in Unarmed Combat
   784 | D        | Killed a polar bear
   784 | D        | Reached XP level 8. HP: 39/39 MP: 9/9
   796 | D        | Killed a polar bear
   796 | D        | Reached skill level 15 in Unarmed Combat
   830 | D        | Noticed a komodo dragon
   830 | D        | Noticed a six-headed hydra
   830 | D        | Noticed a hippogriff
   832 | D        | Killed a hippogriff
   832 | D        | Reached skill level 10 in Stealth
   833 | D        | Noticed a six-headed hydra
   963 | D        | Slain by a six-headed hydra
   964 | D        | Reached XP level 7. HP: -1/36 MP: 8/8
   980 | D        | Found Cogarch's Magic Scroll Shoppe.
   980 | D        | Noticed a hill giant
   980 | D        | Noticed a deep troll
   980 | D        | Noticed a hill giant
   980 | D        | Noticed an ogre mage
   980 | D        | Noticed an ogre mage
   981 | D        | Noticed an iron troll
   983 | D        | Killed an ogre mage
   983 | D        | Reached skill level 16 in Unarmed Combat
   983 | D        | Reached skill level 1 in Evocations
   983 | D        | Reached XP level 8. HP: 40/40 MP: 8/10
   986 | D        | Noticed an ogre mage
   986 | D        | Killed an ogre mage
   986 | D        | Reached XP level 9. HP: 43/43 MP: 8/11
   991 | D        | Noticed a troll
   991 | D        | Killed a hill giant
   991 | D        | Reached skill level 17 in Unarmed Combat
   992 | D        | Found Aniam's Food Emporium.
   999 | D        | Slain by a deep troll

Skill      XL: |  1  2  3  4  5  6  7  8  9 |
---------------+----------------------------+-----
Unarmed Combat | 5 6 9 12 13 16 15 17 | 17.0
Fighting       | 4 5 6 7 |  7.6
Dodging        | 5 6 9 8 12 11 13 | 13.0
Stealth        | 1 3 6 7 11 10 12 | 12.2
Evocations     | 1 2 |  2.6

Action                   |  1- 3 |  4- 6 |  7- 9 || total
-------------------------+-------+-------+-------++-------
Melee: Unarmed           |    46 |    28 |    58 ||   132
       Bite              |     2 |     7 |     9 ||    18
       Punch             |     1 |     4 |     8 ||    13
Evoke: Wand              |       |       |     5 ||     5
  Use: Potion            |     2 |       |     1 ||     3
 Stab: Sleeping          |     1 |     4 |     1 ||     6
       Distracted        |       |       |     1 ||     1
  Eat: Chunk             |     1 |     1 |       ||     2
       Meat ration       |       |     1 |       ||     1
Armor: Skin              |     3 |     1 |     1 ||     5
Dodge: Dodged            |    26 |    22 |   104 ||   152
